woodfighter, chaotic female human Barbarian }}}}}}}}}}}}}}}}}}}}}}S}}}}}}}}}}}}}}}}}}}}}}}}}}} }}} }}}} }}} }}}}}}}}}}}}}}}}}}}}}}}..}}}}}}}}}}}}}}}}}}}}}}}}}}}}g}}}}}}}}..}}}}.} }}}}}}}}}}}}}}}}}}}}}}...}}.}}}}}}}}}}}}}}}}}}}}}gn}}}}}gg}}}}.......} }}}}g}}}}}}}}}g..}}}}}.}g}}}.}}}}}.}}}}}.}}}}}.}}}}}.}}}}}g}}}}}..}}.} u }}}}}}}}}}}}}}}.}}g.}}}}}.[}}}..}}}}}..}}}..}}}}}..}}}..}}}}}.}g}...}}}`..}}}}} }}}}}}..}}}}}}.}}}.%.}}.t}}.}^}}.}}.}g}...}}}.}}}..}}}..}}}}g{.}}}}.}}}}}}}}g.} }}}}}}..}}}g}...}}}g}}.}}}.}}.}}.}}...}}.}}.....}}.....}....}.}g}.}...}}}}}..}g }}}}}}}...}}g%...}}}.g}}}.}}.}}%}}..}}.....}}.g}}@g}.}}}}}g}g}}}..}}}.}}}}}}}} }}}}}}}.........}}}..}}}}g.}}.}}.}}.@.}}}}}%....}}.}}}}}}.....}g}.}}}.}}}}}}} }}}}}}}}.......}}}..}}g%.}}..}}%}}}.}}}g..}}}.}}}.}.}}}}..}.}..}}}}}}.}}}}}} }}}}}}}}}......}}.}}}}...}}g}}.}.tw}}}%.}..}}}.}.}}}.}}}}..W..}}}}.}}.}}}}} }}}}}}}}}......}.}}}}.}}.}..}^}}}}}}}%)}.}..}}}.}}}.}g..g}.i.}}}}%.*..}}}}}}}}} }}}}..}}}}......}}}}.}}}}....}}}}}.}}}g.}..}}}.}}}}.}}..}}...}}}.}t.t.}}}}}}}}} }}}}.`}}}}.....}}}}..}}.}}..}}}}...g}}}.f.}}}.}}}}}.}}}}.}}}}}}^}}.`OOD}}}}..}} }}}....}g}.....}}}...}}...}}}..}}}}}}}}}}}}...%.}}}}.}}...}.%}.}}}).X@Dn}....}} }}}}}}}}}.......}}}..}}.}}}g..g.}}..}}}^.}}.....}}}}.g}}.}....}}}.YO@gg..H....} }}}>..}}}........}}}.}}}}.g}}..}}..}}.@}}..g}^}}}.%}.}..}}}.X}}}....g.J......}} }}}}...}}.}}}g..}}}.}}}}....}}}}..}}....}}}}}}}...}}}....}}}}.}}}...}}}}.}}..}g }}}}}`}}}.}}}}}}}}...}}}..`.}}}..}}}....}}}..}}...}}}g...}}}.%.}}}}}} g}}g} }}}}}}}}}}}}}}}.}}}.}}}}}..}}}..}}}}}..}}}..}}}D}..}}}..}}}}}.B}}.}}} }}}}}}}}}}}}}}}..}}}}}g}}}}}.}}}}}.}}}}}.}}}}}.}}}}}.}}}}}%}}}}}%.}}} g woodfighter the Reaver Experience level: 18 Strength: 18/80 Dexterity: 18 Constitution: 18 Intelligence: 8 Wisdom: 8 Charisma: 6 Health: 0(167) Energy: 62(62) Def: 37 Gold: 271 Moves: 51606 Dungeon seed: 66_PiKz64SPQkI3I Game ID: woodfighter_1445169373 Your Inventory: Coins $ - 271 gold pieces Amulets J - a blessed greased amulet of reflection (being worn) T - a cursed amulet of change Weapons a - the blessed rustproof +5 Cleaver (weapon in hands) Armor n - a blessed +2 orcish helm (being worn) o - an uncursed +0 pair of leather gloves r - a blessed +5 Hawaiian shirt (being worn) y - an uncursed -1 pair of levitation boots (being worn) z - an uncursed +0 pair of gauntlets of dexterity (being worn) F - an uncursed burnt +0 cloak of protection (being worn) N - a blessed greased +5 gray dragon scale mail (being worn) S - an uncursed +0 pair of jumping boots Comestibles I - an uncursed lizard corpse Potions u - 4 blessed potions of full healing Rings g - a blessed +2 ring of protection (on left hand) U - an uncursed ring of searching (on right hand) X - an uncursed ring of poison resistance Wands e - a wand of digging (0:6) f - a wand of create monster (0:15) i - a wand of digging (0:7) m - a wand of striking (0:6) A - a wand of magic missile (0:6) G - a blessed wand of polymorph (0:3) M - a wand of digging (0:0) O - a wand of lightning (0:8) P - a wand of magic missile (0:2) Q - a wand of teleportation (0:6) R - a wand of sleep (0:5) Tools c - an uncursed skeleton key d - a -1 unicorn horn h - an uncursed stethoscope s - a blessed bag of holding t - an uncursed towel (being worn) D - a blessed +0 unicorn horn K - a blessed oil lamp (0:1181) W - a rusty +0 pick-axe Gems k - the blessed Heart of Ahriman q - an uncursed touchstone Contents of the bag of holding: 153 gold pieces an uncursed +0 mummy wrapping 5 uncursed K-rations an uncursed clove of garlic 3 uncursed food rations an uncursed lizard corpse an uncursed sprig of wolfsbane an uncursed ring of conflict an uncursed ring of teleport control a blessed +0 unicorn horn a +0 unicorn horn a blessed luckstone Spells and supernatural/magical abilities: Name Level Category Fail Memory E - detect food 2* divination 100% 0% W - pray for help -- divine ? -- Your skills at the end: Miscellaneous Skills bare handed combat [Basic] Weapon Skills dagger [Basic] axe [Master] short sword [Basic] Spellcasting Skills Final Attributes: You were piously aligned. You were fire resistant. You were cold resistant. You were sleep resistant. You were disintegration-resistant. You were shock resistant. You were poison resistant. You were magic-protected. You saw invisible. You were telepathic. You had automatic searching. You were invisible to others. You were stealthy. You were levitating. You were protected. You were fast. You had reflection. You were lucky. You had extra luck. Good luck did not time out for you. You are dead. Vanquished creatures: Orcus 5 blood puddings 2 mammoths Medusa Croesus 4 iron golems a ki-rin 3 storm giants 4 titans a deep ettin a balrog Thoth Amon 8 purple worms 2 gray dragons 2 silver dragons 5 red dragons 8 white dragons 2 black dragons 4 blue dragons 4 green dragons a yellow dragon 15 minotaurs 3 jabberwocks 8 baluchitheria an Angel 9 stone golems 8 Olog-hai 2 Nazgul 3 pit fiends a sandestin 5 hell hounds 6 titanotheres 3 trappers a baby gray dragon 11 baby white dragons a disenchanter 8 vampire lords 4 shades 3 skeletons 5 captains 3 liches a clay golem 5 nurses 7 ice devils a nalfeshnee an Aleax 2 frost giants 7 black puddings 20 vampires 27 ghosts 8 ettins 13 lieutenants a watch captain 2 winged gargoyles 3 mind flayers 8 giant mimics 14 fire giants 8 ogre kings 5 ice trolls 61 rock trolls 13 umber hulks 4 flesh golems 4 Elvenkings 5 doppelgangers 6 hezrous 13 bone devils a salamander 4 large mimics a wumpus a fire vortex 3 long worms 3 couatls 16 stalkers an air elemental 10 fire elementals an earth elemental 4 water elementals 4 hill giants a giant mummy 2 black nagas 7 xorns 11 giant zombies 5 elf-lords 27 sergeants 10 vrocks 14 wargs 4 winter wolves 3 hell hound pups 4 small mimics 3 island nymphs a glass piercer 5 warhorses a steam vortex 16 xans an ettin mummy 6 ogre lords 6 quantum mechanics 87 trolls a sasquatch a wood golem 7 mariliths 4 sharks 6 electric eels a pyrolisk 5 large dogs 2 freezing spheres 6 flaming spheres 11 shocking spheres 2 large cats 9 tigers 2 gargoyles a dwarf king 8 tengu 8 gelatinous cubes 9 ochre jellies 10 chameleons 6 crocodiles 10 leocrottas 5 energy vortices 2 mountain centaurs 2 giants 2 elf mummies 2 human mummies 6 red nagas 4 green slimes 3 pit vipers 4 pythons 2 cobras 35 wraiths 11 ettin zombies 4 leather golems 9 Grey-elves 120 soldiers 2 watchmen 5 succubi 8 incubi 16 giant beetles 22 cockatrices 6 wolves 5 winter wolf cubs 6 lynxes 7 panthers 72 gremlins 42 leprechauns 9 quivering blobs 6 spotted jellies 16 lizards 3 mountain nymphs 11 giant spiders 2 scorpions 3 iron piercers 9 horses an ice vortex 9 black lights 6 vampire bats 2 forest centaurs 7 gnome kings 2 orc mummies 3 dwarf mummies 71 ogres 14 brown puddings 10 rust monsters 9 owlbears 4 yetis 5 gold golems 6 werewolves 3 Green-elves 11 giant eels 5 chieftains 12 chickatrices 3 dogs 4 dingos 2 housecats 8 jaguars 9 dwarf lords 4 blue jellies 3 water nymphs 7 white unicorns 5 gray unicorns a black unicorn 5 dust vortices 8 ravens 5 plains centaurs 5 gnome mummies 4 snakes 7 apes 19 human zombies 3 rope golems 4 Woodland-elves 16 soldier ants 20 fire ants 8 bugbears an imp a quasit 3 wood nymphs 19 Mordor orcs 38 Uruk-hai 18 orc shamans 4 rock moles 9 rock piercers a pony 3 fog clouds 13 yellow lights 3 shriekers 9 violet fungi 22 gnome lords 4 gnomish wizards 5 kobold mummies a red naga hatchling 2 black naga hatchlings a golden naga hatchling a guardian naga hatchling 2 gray oozes 3 barrow wights 16 elf zombies 7 ghouls 2 straw golems a paper golem 5 jellyfish 27 giant ants 6 little dogs 7 floating eyes 2 kittens 22 dwarves 2 homunculi 2 kobold lords 5 kobold shamans 7 iguanas 51 hill orcs 17 rothes 4 rabid rats 5 centipedes a giant bat 2 monkeys 14 orc zombies 10 dwarf zombies a wererat 3 werejackals 25 killer bees 4 coyotes 2 gas spores 9 hobbits 3 acid blobs 5 large kobolds 14 geckos 20 hobgoblins 15 giant rats 4 cave spiders 2 brown molds a yellow mold a green mold 2 red molds 53 gnomes 14 garter snakes a manes 11 gnome zombies 10 jackals 3 foxes 8 kobolds 15 newts 16 goblins 4 sewer rats 8 grid bugs 5 bats 9 lichens 12 kobold zombies 2221 creatures vanquished. Genocided or extinct species: hobbits dwarves bugbears dwarf lords dwarf kings mind flayers master mind flayers liches demiliches master liches arch-liches ogres (extinct) rust monsters disenchanters soldiers (extinct) 13 species genocided. 2 species extinct. Voluntary challenges: You had been an atheist until turn 1879. You used a wielded weapon 3895 times, starting on turn 4. You read items or engraved 52 times, starting on turn 2022. You genocided 13 types of monsters, starting on turn 40267. You polymorphed 2 items, starting on turn 23449. You never changed form. You cheated 1 time but completed Sokoban on turn 11638. You used 2 wishes, starting on turn 25933. You did not wish for any artifacts. You split 19 puddings, starting on turn 7569. You never wrote Elbereth's name. You violated your moral code, losing 19 points of alignment, starting on turn 488. Dungeon overview: The Dungeons of Doom: levels 1 to 29 Level 1 a fountain a long staircase Level 2 (vault) a fountain Level 3 (vault) stairs to The Gnomish Mines Level 4 (pools) Level 5 Level 6 many fountains Level 7 stairs to Sokoban Level 8 (vault) Level 9 Level 10 a fountain Level 11 (vault) some fountains, a sink portal to Fort Ludios Level 12 a temple to Crom portal to The Quest Level 13 a fountain Level 14 Level 15 some fountains Level 16 an altar to Mitra Level 17 (Rogue) Level 18 a fountain, a sink Level 19 Level 20 a fountain Level 21 some altars to Mitra, some fountains Level 22 (vault) Level 23 (Medusa) Level 24 Level 25 Level 26 Level 27 Level 28 a fountain Level 29 (castle) a magic chest, a fountain, a throne Gehennom: levels 30 to 40 Level 30 a temple to Moloch, a magic chest stairs to The Dungeons of Doom Level 31 Level 32 Level 33 (asmodeus) a magic chest, a fountain Level 34 Level 35 Level 36 Level 37 (swamp) <- You were here a fountain Level 38 Level 39 (orcus) a magic chest Level 40 The Gnomish Mines: levels 4 to 11 Level 4 stairs to The Dungeons of Doom Level 5 Level 6 some shops, a temple to Set, a magic chest, some fountains Level 7 Level 8 Level 9 Level 10 Level 11 many altars to Moloch, some fountains The Quest: levels 1 to 5 Level 1 (bell is here) a magic chest, a throne portal to The Dungeons of Doom Level 2 Level 3 Level 4 Level 5 an altar to Mitra Sokoban: levels 3 to 6 Level 3 a magic chest Level 4 Level 5 Level 6 a magic chest stairs to The Dungeons of Doom Fort Ludios: Level 1 a magic chest, a throne portal to The Dungeons of Doom History has recorded: On T:1 you entered the Dungeons of Doom to retrieve the Amulet of Yendor! On T:192 you reached level 2 of The Dungeons of Doom. On T:469 you reached level 3 of The Dungeons of Doom. On T:635 you reached level 4 of The Dungeons of Doom. On T:697 you reached level 1 of The Gnomish Mines. On T:718 you advanced to experience level 2. On T:1113 you advanced to experience level 3. On T:1140 you advanced to experience level 4. On T:1281 you reached level 2 of The Gnomish Mines. On T:1481 you advanced to experience level 5. On T:1513 you reached level 3 of The Gnomish Mines. On T:1868 you entered the Minetown temple On T:2020 you opened a magic chest. On T:2091 you advanced to experience level 6. On T:2831 you opened a magic chest. On T:2832 you opened a magic chest. On T:2833 you opened a magic chest. On T:3201 you advanced to experience level 7. On T:3309 you opened a magic chest. On T:3311 you opened a magic chest. On T:3373 you opened a magic chest. On T:3450 you reached level 4 of The Gnomish Mines. On T:3780 you opened a magic chest. On T:3782 you opened a magic chest. On T:3783 you opened a magic chest. On T:3785 you opened a magic chest. On T:4096 you reached level 5 of The Gnomish Mines. On T:4136 you advanced to experience level 8. On T:4353 you reached level 6 of The Gnomish Mines. On T:4450 you reached level 7 of The Gnomish Mines. On T:4677 you opened a magic chest. On T:4679 you opened a magic chest. On T:5212 you reached level 8 of The Gnomish Mines. On T:5212 you reached the bottom of the Mines. On T:5577 you advanced to experience level 9. On T:6811 you opened a magic chest. On T:6880 you opened a magic chest. On T:6885 you opened a magic chest. On T:6886 you opened a magic chest. On T:6887 you opened a magic chest. On T:6887 you opened a magic chest. On T:6898 you opened a magic chest. On T:6952 you opened a magic chest. On T:6996 you opened a magic chest. On T:7346 you reached level 5 of The Dungeons of Doom. On T:7831 you reached level 6 of The Dungeons of Doom. On T:8120 you advanced to experience level 10. On T:8173 you reached level 7 of The Dungeons of Doom. On T:8343 you reached level 8 of The Dungeons of Doom. On T:8415 you reached level 9 of The Dungeons of Doom. On T:8462 you reached level 4 of Sokoban. On T:8941 you opened a magic chest. On T:9002 you opened a magic chest. On T:9146 you opened a magic chest. On T:9175 you reached level 3 of Sokoban. On T:9671 you reached level 2 of Sokoban. On T:10469 you reached level 1 of Sokoban. On T:11638 you entered the Sokoban zoo. On T:11754 you opened a magic chest. On T:11756 you opened a magic chest. On T:11757 you opened a magic chest. On T:11757 you opened a magic chest. On T:11759 you opened a magic chest. On T:11891 you opened a magic chest. On T:12768 you reached level 10 of The Dungeons of Doom. On T:12897 you reached level 11 of The Dungeons of Doom. On T:13251 you reached level 12 of The Dungeons of Doom. On T:13762 you reached level 13 of The Dungeons of Doom. On T:14048 you reached level 14 of The Dungeons of Doom. On T:14404 you reached level 16 of The Dungeons of Doom. On T:14407 you reached level 15 of The Dungeons of Doom. On T:14889 you advanced to experience level 11. On T:15486 you opened a magic chest. On T:15487 you opened a magic chest. On T:15488 you opened a magic chest. On T:15488 you opened a magic chest. On T:15489 you opened a magic chest. On T:15492 you opened a magic chest. On T:15878 you opened a magic chest. On T:15878 you opened a magic chest. On T:15994 you received Cleaver from Set. On T:16032 you opened a magic chest. On T:16033 you opened a magic chest. On T:16035 you opened a magic chest. On T:16790 you reached level 17 of The Dungeons of Doom. On T:17014 you reached level 18 of The Dungeons of Doom. On T:17390 you reached level 19 of The Dungeons of Doom. On T:18116 you opened a magic chest. On T:19607 you advanced to experience level 12. On T:20804 you opened a magic chest. On T:20806 you opened a magic chest. On T:20807 you opened a magic chest. On T:20809 you opened a magic chest. On T:21281 you reached level 20 of The Dungeons of Doom. On T:21552 you reached level 21 of The Dungeons of Doom. On T:22386 you reached level 22 of The Dungeons of Doom. On T:22972 you opened a magic chest. On T:22987 you opened a magic chest. On T:22991 you opened a magic chest. On T:22992 you opened a magic chest. On T:22994 you opened a magic chest. On T:22995 you opened a magic chest. On T:23432 you opened a magic chest. On T:23449 you opened a magic chest. On T:23450 you opened a magic chest. On T:23454 you opened a magic chest. On T:23455 you opened a magic chest. On T:23457 you opened a magic chest. On T:23458 you opened a magic chest. On T:23460 you opened a magic chest. On T:23467 you opened a magic chest. On T:23483 you opened a magic chest. On T:23484 you opened a magic chest. On T:23485 you opened a magic chest. On T:23802 you opened a magic chest. On T:23803 you opened a magic chest. On T:23851 you opened a magic chest. On T:23852 you opened a magic chest. On T:23853 you opened a magic chest. On T:23855 you opened a magic chest. On T:23856 you opened a magic chest. On T:23935 you opened a magic chest. On T:24783 you reached level 23 of The Dungeons of Doom. On T:25550 you opened a magic chest. On T:25551 you opened a magic chest. On T:25552 you opened a magic chest. On T:25555 you opened a magic chest. On T:25556 you opened a magic chest. On T:25556 you opened a magic chest. On T:25561 you opened a magic chest. On T:25562 you opened a magic chest. On T:25564 you opened a magic chest. On T:25565 you opened a magic chest. On T:25566 you opened a magic chest. On T:25567 you opened a magic chest. On T:25586 you opened a magic chest. On T:25927 you opened a magic chest. On T:25930 you opened a magic chest. On T:25933 you wished for "blessed fixed greased +3 gray dragon scale mail". On T:25943 you opened a magic chest. On T:25961 you opened a magic chest. On T:25962 you opened a magic chest. On T:25966 you opened a magic chest. On T:26011 you opened a magic chest. On T:26013 you opened a magic chest. On T:26014 you opened a magic chest. On T:26015 you opened a magic chest. On T:26210 you reached level 1 of The Quest. On T:26438 you opened a magic chest. On T:26439 you opened a magic chest. On T:27620 you opened a magic chest. On T:27737 you advanced to experience level 13. On T:27758 you opened a magic chest. On T:27760 you advanced to experience level 14. On T:27763 you opened a magic chest. On T:27764 you opened a magic chest. On T:27796 you embarked upon an epic quest. On T:27822 you reached level 2 of The Quest. On T:27843 you reached level 3 of The Quest. On T:28474 you reached level 4 of The Quest. On T:28562 you reached level 5 of The Quest. On T:29218 you opened a magic chest. On T:29242 you opened a magic chest. On T:29243 you opened a magic chest. On T:29260 you opened a magic chest. On T:29261 you opened a magic chest. On T:29262 you opened a magic chest. On T:29805 you killed Thoth Amon on level 1 of The Quest. On T:29829 you completed the quest! On T:29843 you opened a magic chest. On T:29844 you opened a magic chest. On T:29880 you opened a magic chest. On T:29880 you opened a magic chest. On T:29881 you opened a magic chest. On T:29882 you opened a magic chest. On T:29882 you opened a magic chest. On T:29883 you opened a magic chest. On T:29884 you opened a magic chest. On T:29900 you opened a magic chest. On T:29901 you opened a magic chest. On T:29903 you opened a magic chest. On T:29904 you opened a magic chest. On T:29904 you opened a magic chest. On T:29907 you opened a magic chest. On T:29907 you opened a magic chest. On T:29908 you opened a magic chest. On T:29911 you opened a magic chest. On T:29912 you opened a magic chest. On T:29912 you opened a magic chest. On T:30250 you opened a magic chest. On T:30252 you opened a magic chest. On T:30253 you opened a magic chest. On T:30253 you opened a magic chest. On T:30255 you opened a magic chest. On T:30271 you opened a magic chest. On T:30272 you opened a magic chest. On T:30272 you opened a magic chest. On T:30273 you opened a magic chest. On T:30448 you opened a magic chest. On T:30450 you opened a magic chest. On T:30451 you opened a magic chest. On T:30454 you opened a magic chest. On T:30455 you opened a magic chest. On T:30456 you opened a magic chest. On T:30675 you opened a magic chest. On T:30676 you opened a magic chest. On T:30719 you wished for "blessed fixed greased amulet of reflection". On T:30737 you opened a magic chest. On T:31681 you reached Fort Ludios. On T:32518 you killed Croesus in Fort Ludios. On T:32521 you opened a magic chest. On T:32522 you opened a magic chest. On T:32523 you opened a magic chest. On T:32523 you opened a magic chest. On T:32525 you opened a magic chest. On T:32540 you opened a magic chest. On T:32912 you opened a magic chest. On T:33126 you opened a magic chest. On T:33127 you opened a magic chest. On T:33129 you opened a magic chest. On T:33317 you opened a magic chest. On T:33318 you opened a magic chest. On T:33318 you opened a magic chest. On T:33319 you opened a magic chest. On T:33488 you opened a magic chest. On T:33490 you opened a magic chest. On T:33491 you opened a magic chest. On T:33491 you opened a magic chest. On T:33492 you opened a magic chest. On T:33493 you opened a magic chest. On T:33494 you opened a magic chest. On T:33909 you opened a magic chest. On T:33909 you opened a magic chest. On T:34861 you killed Medusa on level 23 of The Dungeons of Doom. On T:34970 you reached level 24 of The Dungeons of Doom. On T:35045 you advanced to experience level 15. On T:35497 you reached level 25 of The Dungeons of Doom. On T:36424 you reached level 26 of The Dungeons of Doom. On T:37814 you reached level 27 of The Dungeons of Doom. On T:37974 you reached level 28 of The Dungeons of Doom. On T:38014 you reached The Castle. On T:40245 you opened a magic chest. On T:40246 you opened a magic chest. On T:40247 you opened a magic chest. On T:40248 you opened a magic chest. On T:40250 you opened a magic chest. On T:40252 you opened a magic chest. On T:40252 you opened a magic chest. On T:40253 you opened a magic chest. On T:40256 you opened a magic chest. On T:40257 you opened a magic chest. On T:40259 you opened a magic chest. On T:40260 you opened a magic chest. On T:40260 you opened a magic chest. On T:40262 you opened a magic chest. On T:40264 you opened a magic chest. On T:40264 you opened a magic chest. On T:40265 you opened a magic chest. On T:40268 you opened a magic chest. On T:40268 you opened a magic chest. On T:40268 you opened a magic chest. On T:40303 you opened a magic chest. On T:40303 you opened a magic chest. On T:42143 you opened a magic chest. On T:42146 you opened a magic chest. On T:42148 you opened a magic chest. On T:42149 you opened a magic chest. On T:42152 you opened a magic chest. On T:42152 you opened a magic chest. On T:42153 you opened a magic chest. On T:42155 you opened a magic chest. On T:42242 you reached The Valley of the Dead. On T:42836 you advanced to experience level 16. On T:42841 you advanced to experience level 17. On T:43369 you reached level 2 of Gehennom. On T:43459 you opened a magic chest. On T:43461 you opened a magic chest. On T:43469 you opened a magic chest. On T:43477 you opened a magic chest. On T:43479 you opened a magic chest. On T:43479 you opened a magic chest. On T:43479 you opened a magic chest. On T:43480 you opened a magic chest. On T:43481 you opened a magic chest. On T:43481 you opened a magic chest. On T:43501 you opened a magic chest. On T:43505 you opened a magic chest. On T:43518 you opened a magic chest. On T:43529 you opened a magic chest. On T:43535 you opened a magic chest. On T:43539 you opened a magic chest. On T:43542 you opened a magic chest. On T:43542 you opened a magic chest. On T:43542 you opened a magic chest. On T:43552 you opened a magic chest. On T:43810 you opened a magic chest. On T:43828 you opened a magic chest. On T:44325 you reached level 3 of Gehennom. On T:45134 you reached level 4 of Gehennom. On T:46547 you opened a magic chest. On T:46548 you opened a magic chest. On T:46550 you opened a magic chest. On T:46729 you reached level 5 of Gehennom. On T:47168 you reached level 6 of Gehennom. On T:47889 you reached level 7 of Gehennom. On T:48559 you reached level 8 of Gehennom. On T:48796 you advanced to experience level 18. On T:49624 you reached level 9 of Gehennom. On T:49702 you reached level 10 of Gehennom. On T:50647 you opened a magic chest. On T:50649 you opened a magic chest. On T:50652 you opened a magic chest. On T:50653 you opened a magic chest. On T:50662 you opened a magic chest. On T:50663 you opened a magic chest. On T:50664 you opened a magic chest. On T:50666 you opened a magic chest. On T:50667 you opened a magic chest. On T:50670 you opened a magic chest. On T:50686 you opened a magic chest. On T:50687 you opened a magic chest. On T:50688 you opened a magic chest. On T:50689 you opened a magic chest. On T:50696 you opened a magic chest. On T:50698 you opened a magic chest. On T:50699 you opened a magic chest. On T:50701 you opened a magic chest. On T:50703 you opened a magic chest. On T:50707 you opened a magic chest. On T:50708 you opened a magic chest. On T:50712 you opened a magic chest. On T:50713 you opened a magic chest. On T:51165 you reached level 11 of Gehennom. On T:51603 you killed Orcus on level 8 of Gehennom. Score breakdown: Gold: 424 ( 42 points) Experience: 18 levels ( 1700 points) Exploration: 40 levels ( 1170 points) Discoveries: 100 items ( 2000 points) Variety of kills: 266 monsters ( 2000 points) Major goal: finished the Quest ( 2000 points) Survival: died (score multiplied by 3) Total score: 26736 Latest messages: You kill the jabberwock! You kill the leocrotta! You put a wand of probing (0:6) into the magic chest. u - 4 blessed potions of full healing. The winged gargoyle claws you! (2x) The winged gargoyle bites! The red dragon bites! The red dragon claws you! (2x) The Elvenking punches you! (2x) The ogre king hacks you! The ettin just misses! The ettin hits you! The ogre king hits you! You die... Final status: Goodbye woodfighter the Barbarian, killed by an ogre king... You died in Gehennom on dungeon level 37 with 26736 points, and 424 pieces of gold, after 51606 moves. You were level 18 with a maximum of 167 hit points when you died.